 Dungeon Crawl Stone Soup version 0.25.1-8-g42b30a86e7 (webtiles) character file.

Game seed: 5181814066189990122

341 OdinFK the Vandal (level 6, -1/43 HPs)
             Began as a Halfling Hunter on Dec 23, 2020.
             Slain by a centaur
             ... wielding a +2 mace of protection
              (11 damage)
             ... on level 6 of the Dungeon.
             The game lasted 00:17:04 (2438 turns).

OdinFK the Vandal (Halfling Hunter)                 Turns: 2438, Time: 00:17:05

Health: -1/43      AC:  3    Str: 15    XL:     6   Next: 87%
Magic:  6/6        EV: 15    Int:  9    God:
Gold:   163        SH:  0    Dex: 15    Spells: 5/5 levels left

rFire    . . .     SeeInvis .   a - +1 hunting sling
rCold    . . .     Gourm    .   (shield restricted)
rNeg     . . .     Faith    .   c - +0 leather armour
rPois    .         Spirit   .   (no helmet)
rElec    .         Reflect  .   (no cloak)
rCorr    .         Harm     .   (no gloves)
MR       .....                  (no boots)
Stlth    ++........             (no amulet)
HPRegen  0.14/turn              (no ring)
MPRegen  0.10/turn              (no ring)

@: no status effects
A: small, mutation resistance 1
a: no special abilities


You were on level 6 of the Dungeon.
You were hungry.

You visited 1 branch of the dungeon, and saw 4 of its levels.

You collected 163 gold pieces.

Inventory:

Hand Weapons
 a - a +1 hunting sling (weapon)
 b - a +0 short sword
 k - a +3 dagger of venom
Missiles
 d - 56 sling bullets (quivered)
 e - 14 stones
Armour
 c - a +0 leather armour (worn)
Jewellery
 r - an uncursed amulet of faith {unknown}
 s - an uncursed ring of stealth {unknown}
Scrolls
 h - 2 scrolls of magic mapping {unknown}
 l - 3 scrolls of identify {unknown}
 p - 2 scrolls of teleportation {unknown}
 t - a scroll of immolation {unknown}
 u - a scroll of remove curse {unknown}
Potions
 g - a potion of flight {unknown}
 i - a potion of curing
 j - a potion of heal wounds {unknown}
 m - a potion of might {unknown}
 n - 2 potions of resistance {unknown}
 o - a potion of lignification {unknown}
Comestibles
 f - 6 rations
 v - 2 chunks of flesh


   Skills:
 + Level 4.3 Fighting
 + Level 7.4 Slings
 + Level 2.9 Armour
 - Level 3.0 Dodging
 - Level 1.1 Stealth


You had 5 spell levels left.
You didn't know any spells.
Your spell library was empty.

Dungeon Overview and Level Annotations

Branches:
Dungeon (6/15)
 Temple: D:4-7

Altars:
Qazlal
Vehumet


Innate Abilities, Weirdness & Mutations

You are small and have problems with some larger weapons.
You are somewhat resistant to further mutation.


Message History

You are feeling hungry.
The centaur drinks a potion.
The centaur is healed!
The centaur looks more healthy.
Quiver which item? (- for none, * to show all) (? for menu, Esc to quit)
Okay, then.
You are too injured to fight recklessly!
Firing (i - inventory. (/) - cycle)
d - 58 sling bullets (quivered)
Press: ? - help, Shift-Dir - straight line, f/p - centaur
Aim: a centaur, wielding a +2 mace of protection and quivering 10 arrows You shoot a sling bullet.
The sling bullet hits the centaur.
The centaur is lightly wounded.
The centaur hits you with a +2 mace of protection!
* * * LOW HITPOINT WARNING * * *
Firing (i - inventory. (/) - cycle)
d - 57 sling bullets (quivered)
Press: ? - help, Shift-Dir - straight line, f/p - centaur
Aim: a centaur, wielding a +2 mace of protection and quivering 10 arrows (lightly wounded)
You shoot a sling bullet.
The sling bullet barely misses the centaur.
The centaur hits you with a +2 mace of protection!
You die...

### ######.#
#.@....# ###
#c####.#######.#
#.#............#
#.#.#..#######.#
#.# #..# #.# #.#
#..# #.# #.#
#..# #.# #.#
#..# #.# #.#
#..# #.#


You could see a centaur.

Vanquished Creatures
  A phantom (D:6)
  A centaur (D:6)
  Terence (D:2)
  A worker ant (D:6)
  Robin (D:2)
  2 adders (D:2)
  An ooze (D:2)
  3 worms (D:2)
  A dart slug (D:2)
  3 leopard geckos
  An orc (D:6)
  A giant cockroach (D:1)
  13 goblins
  13 hobgoblins
  8 jackals
  3 quokkas (D:2)
  4 bats
  6 frilled lizards
  7 kobolds
  4 rats
75 creatures vanquished.

Notes
Turn   | Place    | Note
-------+----------+-------------------------------------------
     0 | D:1      | OdinFK the Halfling Hunter began the quest for the Orb.
     0 | D:1      | Reached XP level 1. HP: 14/14 MP: 1/1
   200 | D:1      | Reached skill level 6 in Slings
   200 | D:1      | Reached XP level 2. HP: 7/19 MP: 2/2
   432 | D:1      | Reached skill level 1 in Armour
   537 | D:1      | Reached XP level 3. HP: 11/24 MP: 3/3
   947 | D:2      | Reached XP level 4. HP: 28/30 MP: 4/4
  1253 | D:2      | Noticed Terence
  1260 | D:2      | Killed Terence
  1295 | D:2      | Reached XP level 5. HP: 28/36 MP: 5/5
  1296 | D:2      | Noticed Robin
  1317 | D:2      | Reached skill level 7 in Slings
  1393 | D:2      | Killed Robin
  1411 | D:2      | Found a radiant altar of Vehumet.
  1808 | D:3      | Found a stormy altar of Qazlal.
  1858 | D:3      | You fall into a shaft and drop 3 floors!
  1859 | D:6      | Noticed a phantom
  1891 | D:6      | Killed a phantom
  1891 | D:6      | Reached XP level 6. HP: 36/43 MP: 6/6
  2438 | D:6      | Slain by a centaur

Illustrated notes

Levels and vault maps discovered:
D:1:      giann_wishing_wells, layout_basic,
          wander_ebering_terrifying_dragon_lair
D:2:      layout_loops_ring, lemuel_round_altar, first_ration,
          minmay_indecisive_spiral, uniq_robin, uniq_terence
D:3:      layout_basic, overflow_temple_1_default, fedhas_altar_2,
          uniq_crazy_yiuf_cottage, uniq_grinder, uniq_natasha
D:6:      kennysheep_spiral_hall, layout_basic

Skill      XL: |  1  2  3  4  5  6 |
---------------+-------------------+-----
Slings         | 6 7 |  7.4
Fighting       | 2 4 |  4.3
Armour         | 1 2 |  2.9
Dodging        | 3 |  3.0
Stealth        | |  1.1

Action                   |  1- 3 |  4- 6 || total
-------------------------+-------+-------++-------
Melee: Short sword       |    45 |    23 ||    68
 Fire: Hunting sling     |    70 |   145 ||   215
Throw: Dart              |       |     2 ||     2
 Stab: Sleeping          |     2 |     1 ||     3
  Eat: Chunk             |       |     4 ||     4
Armor: Leather armour    |    15 |     3 ||    18
Dodge: Dodged            |    51 |    58 ||   109
